 Dungeon Crawl Stone Soup version 0.31-a0-995-g04711c9635 (webtiles) character file.

Game seed: 11544126838401575260

606962 Turgor the Metallomancer (level 25, -3/291 HPs)
             Began as a Grey Draconian Shapeshifter on Nov 6, 2023.
             Was the Champion of Wu Jian.
             Slain by a tentacled monstrosity (4 damage)
             ... on level 1 of the Realm of Zot on Nov 7, 2023.
             The game lasted 06:50:52 (64251 turns).

Turgor the Metallomancer (DrSh)                    Turns: 64251, Time: 06:50:53

Health: -3/291     AC: 40    Str: 31    XL:     25   Next: 52%
Magic:  47/58      EV: 23    Int: 33    God:    Wu Jian [******]
Gold:   8013       SH: 14    Dex: 22    Spells: 2/50 levels left

rFire   + . .        n - staff of Reapportionment {Int+6 Conj}
rCold   + . .        I - +3 buckler "Fijad" {*Slow rC+ Dex+6}
rNeg    + . .        (body armour unavailable)
rPois   ∞            c - +2 hat {Int+3}
rElec   +            N - +2 cloak
rCorr   +            R - melded +0 pair of gloves
SInv    .            y - melded +2 pair of boots {rampage}
Will    ++...        f - amulet of Atejaunni {Reflect rElec MP+9 Int+5 SH+5 Stlth-}
Stlth   +            F - ring "Erphum Couqo" {Drain rF+ MP+9 Str+6 Int+6}
HPRegen 0.68/turn    g - ring "Jeha" {rPois Will+ rCorr Str+4}
MPRegen 0.36/turn

%: slow self (1%), reflection
@: statue-form, hasted and slowed, constricted, serpent's lash, very slow
A: slow and powerful, torment resistance 1, boosted hp, AC +17, amphibious,
unfitting armour, cold-blooded, hooves 1, horns 1, mutation resistance 1
}: 5/15 runes: barnacled, slimy, silver, abyssal, gossamer
a: Begin Untransformation, Renounce Religion, Wall Jump, Serpent's Lash,
Heavenly Storm


You were on level 1 of the Realm of Zot.
You worshipped Wu Jian.
Wu Jian was exalted by your worship.
You were a living statue of rough stone.
You visited 11 branches of the dungeon, and saw 49 of its levels.
You visited the Abyss 1 time.
You also visited: Ice Cave and Volcano.

You collected 9582 gold pieces.
You spent 1569 gold pieces at shops.

Inventory:

Armour
 c - a +2 hat of intelligence (worn)
 y - a +2 pair of boots of rampaging (melded)
 I - the +3 buckler "Fijad" (worn) {*Slow rC+ Dex+6}
   (You found it on level 2 of the Lair of Beasts)

   Dex+6:     It affects your dexterity (+6).
   rC+:       It protects you from cold.
   *Slow:     It may slow you when you take damage.
 N - a +2 cloak (worn)
 R - a +0 pair of gloves (melded)
Magical Staves
 n - the staff of Reapportionment (weapon) {Int+6 Conj}
   (You found it on level 3 of the Elven Halls)

   [staff of conjuration]

   Base accuracy: +5 Base damage: 5 Base attack delay: 1.2 This weapon's minimum
   attack delay (0.6) is reached at skill level 12.
   Int+6:     It affects your intelligence (+6).
   Conj:      It increases the power of your Conjurations spells.
   It falls into the 'Staves' category.
   It is a one-handed weapon.
Jewellery
 f - the amulet of Atejaunni (around neck) {Reflect rElec MP+9 Int+5 SH+5 Stlth-}
   (You acquired it on level 8 of the Dungeon)

   [amulet of reflection]

   Reflect:   It reflects blocked missile attacks.
   Int+5:     It affects your intelligence (+5).
   rElec:     It insulates you from electricity.
   MP+9:      It affects your magic capacity (+9).
   SH+5:      It affects your SH (+5).
   Stlth-:    It makes you less stealthy.
 g - the ring "Jeha" (right fist) {rPois Will+ rCorr Str+4}
   (You acquired it on level 1 of the Orcish Mines)

   [ring of resist corrosion]

   Str+4:     It affects your strength (+4).
   rPois:     It protects you from poison Will+: It increases your willpower.
   rCorr:     It protects you from acid and corrosion.
 F - the ring "Erphum Couqo" (left fist) {Drain rF+ MP+9 Str+6 Int+6}
   (You found it on level 9 of the Dungeon)

   [ring of strength]

   Str+6:     It affects your strength (+6).
   Int+6:     It affects your intelligence (+6).
   rF+:       It protects you from fire.
   MP+9:      It affects your magic capacity (+9).
   Drain:     It drains your maximum health when unequipped.
 K - the ring "Qymofr Ytrie" {rF+ rC+ rN+ Int+4}
   (You found it on level 3 of the Spider Nest)

   [ring of positive energy]

   Int+4:     It affects your intelligence (+4).
   rF+:       It protects you from fire.
   rC+:       It protects you from cold.
   rN+:       It protects you from negative energy.
Talismans
 w - a granite talisman (active)
 V - the dragon-blood talisman of the Fife {rF+ Will+ rCorr Str-3}
   (You found it on level 5 of the Pits of Slime)

   [dragon-blood talisman]

   Str-3:     It affects your strength (-3).
   rF+:       It protects you from fire.
   Will+:     It increases your willpower.
   rCorr:     It protects you from acid and corrosion.
Wands
 s - a wand of paralysis (45)
 z - a wand of quicksilver (11)
 G - a wand of iceblast (36)
 M - a wand of digging (30)
Scrolls
 e - 5 scrolls of teleportation
 k - 7 scrolls of amnesia
 p - 7 scrolls of noise
 t - 3 scrolls of fear
 u - 9 scrolls of fog
 A - 10 scrolls of vulnerability
 E - a scroll of butterflies
 J - a scroll of revelation
 O - 2 scrolls of blinking
 S - a scroll of enchant weapon
 Z - a scroll of silence
Potions
 a - 3 potions of cancellation
 b - a potion of haste
 d - 6 potions of magic
 h - 12 potions of mutation
 i - 6 potions of attraction
 j - 5 potions of resistance
 l - a potion of invisibility
 q - 10 potions of curing
 r - 12 potions of might
 v - 5 potions of brilliance
 D - a potion of heal wounds
 U - 3 potions of ambrosia
 Y - 3 potions of enlightenment
Miscellaneous
 m - a tin of tremorstones (inert)
 C - a phantom mirror (inert)
 P - a phial of floods
 Q - a lightning rod (2/4)


   Skills:
 - Level 18.2 Fighting
 - Level 17.0 Dodging
 - Level 5.0 Shields
 - Level 17.2 Unarmed Combat
 + Level 13.2 Spellcasting
 - Level 15.0 Conjurations
 + Level 23.9 Earth Magic
 - Level 9.0 Evocations
 - Level 23.0 Shapeshifting


You had 2 spell levels left.
You knew the following spells:

 Your Spells              Type           Power      Damage    Failure   Level
a - Lee's Rapid Deconstr  Erth           55%        3d26*     0%          5
b - Bombard               Conj/Erth      61%        9d10      1%          6
c - Leda's Liquefaction   Hex/Erth       39%        N/A       1%          4
d - Apportation           Tloc           42%        N/A       2%          1
e - Passage of Golubria   Tloc           21%        N/A       24%         4
f - Brom's Barrelling Bo  Conj/Erth      100%       2d11      0%          4
g - Passwall              Tmut/Erth      65%        N/A       1%          2
h - Lehudib's Crystal Sp  Conj/Erth      61%        10d14     5%          8
i - Borgnjor's Vile Clut  Necr/Erth      39%        N/A       1%          5
j - Shatter               Erth           55%        3d41*     13%         9

Your spell library contained the following spells:

 Spells                   Type           Power      Damage    Failure   Level
 Magic Dart               Conj           100%       1d8       0%          1
 Sandblast                Erth           100%       2d20      0%          1
 Searing Ray              Conj           100%       2d8       0%          2
 Kiss of Death            Conj/Necr      100%       2d13      1%          1
 Slow                     Hex            84%        N/A       2%          1
 Cigotuvi's Dreadful Rot  Necr/Pois/Air  42%        N/A       3%          2
 Jinxbite                 Hex            42%        N/A       3%          2
 Wereblood                Tmut           21%        N/A       3%          2
 Stone Arrow              Conj/Erth      100%       3d13      0%          3
 Dazzling Flash           Conj/Hex       100%       N/A       1%          3
 Hailstorm                Conj/Ice       82%        3d17      1%          3
 Fulminant Prism          Conj/Hex       41%        3d19      1%          4
 Petrify                  Tmut/Erth      79%        N/A       1%          4
 Sticky Flame             Conj/Fire      82%        2d9       1%          4
 Arcjolt                  Conj/Air       41%        1d51      3%          5
 Irradiate                Conj/Tmut      41%        3d25      3%          5
 Orb of Destruction       Conj           55%        9d14      4%          7
 Frozen Ramparts          Ice            42%        1d7       7%          3
 Gell's Gravitas          Tloc           21%        N/A       7%          3
 Ignite Poison            Fire/Tmut/Pois 21%        N/A       7%          3
 Summon Guardian Golem    Hex/Summ       21%        N/A       7%          3
 Teleport Other           Tloc           21%        N/A       7%          3
 Tukima's Dance           Hex            21%        N/A       7%          3
 Freezing Cloud           Conj/Ice/Air   35%        6-21      9%          5
 Animate Dead             Necr           21%        N/A       24%         4
 Cause Fear               Hex            10%        N/A       24%         4
 Dispel Undead            Necr           21%        3d11      24%         4
 Olgreb's Toxic Radiance  Pois           21%        N/A       24%         4
 Summon Ice Beast         Ice/Summ       21%        N/A       24%         4
 Summon Lightning Spire   Summ/Air       21%        N/A       24%         4
 Vhi's Electric Charge    Tloc/Air       42%        N/A       24%         4
 Agony                    Necr           21%        N/A       54%         5
 Alistair's Intoxication  Tmut/Pois      14%        N/A       54%         5
 Metabolic Englaciation   Hex/Ice        10%        N/A       54%         5
 Silence                  Hex/Air        10%        N/A       54%         5
 Summon Forest            Summ/Tloc      10%        N/A       54%         5
 Summon Mana Viper        Hex/Summ       21%        N/A       54%         5
 Yara's Violent Unravell  Hex/Tmut       10%        3d6       54%         5
 Spellforged Servitor     Conj/Summ      41%        N/A       65%         7
 Death Channel            Necr           10%        N/A       98%         6
 Dispersal                Tloc           10%        N/A       98%         6
 Plasma Beam              Fire/Air       10%        2x1d21    98%         6
 Simulacrum               Ice/Necr       10%        N/A       98%         6
 Summon Cactus Giant      Summ           10%        N/A       98%         6
 Haunt                    Necr/Summ      10%        N/A       100%        7
 Malign Gateway           Summ/Tloc      10%        N/A       100%        7
 Ozocubu's Refrigeration  Ice            10%        4d9       100%        7
 Summon Hydra             Summ           10%        N/A       100%        7
 Discord                  Hex            10%        N/A       100%        8
 Ignition                 Fire           10%        3d5       100%        8
 Infestation              Necr           10%        N/A       100%        8
 Maxwell's Capacitive Co  Air            10%        ∞         100%        8
 Chain Lightning          Conj/Air       41%        3d54      100%        9
 Death's Door             Necr           10%        N/A       100%        9
 Fire Storm               Conj/Fire      41%        8d10      100%        9
 Polar Vortex             Ice            10%        12d1*     100%        9
 Sublimation of Blood     Necr           Unusable   N/A       N/A         2
 Animate Armour           Summ/Erth      Unusable   N/A       N/A         4

Dungeon Overview and Level Annotations

Branches:
Dungeon (15/15)            Temple (1/1) D:4            Lair (5/5) D:8
 Shoals (4/4) Lair:3       Spider (4/4) Lair:3        Slime (5/5) Lair:4
    Orc (2/2) D:12            Elf (3/3) Orc:2        Vaults (5/5) D:13
  Crypt (0/3) Vaults:3     Depths (4/4) D:15            Zot (1/5) Depths:4
  IceCv (visited)         Volcano (visited)

Altars:
Ashenzari
Cheibriados
Dithmenos
Elyvilon
Fedhas
Gozag
Hepliaklqana
Kikubaaqudgha
Makhleb
Nemelex Xobeh
Okawaru
Qazlal
Ru
Sif Muna
Trog
Uskayaw
Vehumet
Wu Jian
Xom
Yredelemnul
Zin
The Shining One
Jiyva

Shops:
Orc:2 ([(*   Elf:1 :   Elf:3 *[!   Vaults:1 (   Vaults:3 =   Depths:1 *:

Portals:
Hell: Depths:1 Depths:2 Depths:3
Abyss: Depths:1 Depths:2 Depths:3 Depths:4
Pandemonium: Depths:2 Depths:3
Ziggurat: Depths:4

Annotations:
D:4 1 runed translucent door, Crazy Yiuf


Innate Abilities, Weirdness & Mutations

You are a living statue of rough stone.
Your actions are slow, but your melee attacks are powerful.
You are resistant to unholy torment.
Your maximum health is greatly increased.
Your equipment is partially melded.
((Your dull iron-grey scales are very hard. (AC +17)))
You are amphibious.
You cannot fit into any form of body armour.
You are immune to poison.
You are cold-blooded and may be slowed by cold attacks.
You have large cloven feet.
You have a pair of small horns on your head.
You are somewhat resistant to further mutation.


Message History

The tentacled monstrosity completely misses you.
The tentacled monstrosity constricts you.
The storm dragon closely misses you. The storm dragon barely misses you.
The storm dragon tramples you but does no damage.
The death cob misses you.
Okay, then.
Unknown command.
Unknown command.
Your muscles tense, ready for explosive movement...
The tentacled monstrosity's grasp on you weakens, but your attempt to escape fails.
The death cob closely misses you. The death cob misses you.
You block the tentacled monstrosity's attack. x2
The tentacled monstrosity closely misses you.
The tentacled monstrosity constricts you.
* * * LOW HITPOINT WARNING * * *
You block the death cob's attack. The storm dragon completely misses you.
The storm dragon claws you but does no damage.
The storm dragon tramples you but does no damage.
The tentacled monstrosity tentacle-slaps you but does no damage.
The tentacled monstrosity misses you.
The tentacled monstrosity tentacle-slaps you but does no damage.
The tentacled monstrosity constricts you.
Unknown command.
Unknown command.
You hit the tentacled monstrosity!
You blast the tentacled monstrosity!
You kick the tentacled monstrosity!
The tentacled monstrosity is heavily wounded.
The death cob misses you. The death cob hits you!
* * * LOW HITPOINT WARNING * * *
The death cob drains your vigour!
You feel as though you will be slow longer.
The death cob hits you but does no damage.
You block the storm dragon's attack. x2
The storm dragon completely misses you. The death cob hits you!
* * * LOW HITPOINT WARNING * * *
The tentacled monstrosity tentacle-slaps you!
* * * LOW HITPOINT WARNING * * *
The tentacled monstrosity tentacle-slaps you but does no damage.
The tentacled monstrosity tentacle-slaps you.
You die...

..$.... ..
#.#..#. #.# ###
.#.....#..##...
............#..
#..........)..
.#......$..[...
.......X).(....
#....z8).#
#.....D........
#.............#
........:.#....
##........# ...
#......... ..
............ .
.............


You could see a tentacled monstrosity, a storm dragon and a death cob.

Vanquished Creatures
  the Royal Jelly (Slime:5)
  An ancient lich (Vaults:5)
  Frederick (Vaults:4)
  Saint Roka (Depths:2)
  7 caustic shrikes
  8 golden dragons
  Arachne (Spider:2)
  Nikola (Spider:4)
  A bone dragon (Depths:3)
  4 tentacled monstrosities
  Zenata (Vaults:4)
  3 hellephants (Depths:3)
  Rupert (Spider:1)
  A Hell Sentinel (Depths:3)
  2 deep elf blademasters
  10 titans
  A lich (Vaults:5)
  3 deep elf master archers
  8 sphinxes
  An ancient champion (Vaults:3)
  2 tentacled starspawn (Abyss:3)
  16 acid blobs
  Gastronok (Orc:1)
  7 shadow dragons
  A draconian monk (Zot:1)
  6 tengu reavers
  Roxanne (Spider:4)
  17 azure jellies
  6 storm dragons
  Aizul (Elf:2)
  17 rockslimes
  8 frost giants
  10 fire giants
  4 iron dragons
  9 emperor scorpions
  19 vault wardens
  6 deep elf elementalists
  8 deep elf sorcerers
  Louise (Shoals:1)
  2 draconian stormcallers
  2 balrugs (Depths:3)
  A draconian shifter (Zot:1)
  4 war gargoyles
  2 draconian scorchers
  5 broodmothers
  3 spriggan defenders
  4 ghost moths
  2 orc warlords
  14 very ugly things
  A cacodemon (Depths:3)
  10 quicksilver oozes
  11 formless jellyfish
  25 ironbound preservers
  A stone giant (shapeshifter) (Vaults:5)
  16 stone giants
  7 ironbound thunderhulks
  A vampire knight (Depths:2)
  6 deep elf demonologists
  An eleionoma (shapeshifter) (Vaults:1)
  2 black draconians (Depths:4)
  8 dire elephants
  2 white draconians (Depths:4)
  A yellow draconian (Depths:4)
  11 deep elf annihilators
  2 purple draconians
  A blizzard demon (Depths:3)
  13 spark wasps
  2 crystal guardians (Depths:3)
  28 ettins
  9 deep elf death magi
  10 deep elf high priests
  8 merfolk javelineers
  7 fire dragons
  5 entropy weavers
  A jiangshi (Vaults:3)
  6 merfolk impalers (Shoals:4)
  26 yaktaur captains
  38 vault guards
  10 ice dragons
  12 great orbs of eyes
  10 rakshasas
  2 peacekeepers (Vaults:4)
  A salamander tyrant (Depths:3)
  2 hydras
  3 jorogumos
  6 spriggan air magi
  9 ironbound frosthearts
  12 centaur warriors
  4 ogre magi
  4 catoblepae
  6 boulder beetles
  2 radroaches
  The ghost of Scuka the Cleaver, a novice MiBe of Trog (D:10)
  7 merfolk aquamancers
  An alligator snapping turtle (Shoals:4)
  2 satyrs (Shoals:2)
  8 tengu warriors
  9 two-headed ogres
  28 dancing weapons
  5 death yaks (IceCv)
  10 demonic crawlers
  2 orc high priests (Orc:1)
  Urug (Orc:1)
  23 hell knights
  Nergalle (D:12)
  5 deep troll earth magi
  An occultist (D:14)
  4 deep troll shamans
  2 hell hogs (Depths:3)
  A spriggan berserker (Depths:1)
  A wretched star (Abyss:3)
  2 vampire magi (Vaults:3)
  2 shock serpents (Depths:3)
  26 deep elf knights
  6 iron trolls
  6 pharaoh ants
  A shadow wraith (Vaults:5)
  8 skysharks
  A fire crab (shapeshifter) (Vaults:5)
  2 sun moths
  A salamander mystic (Depths:2)
  6 orb spiders
  11 sea snakes
  3 swamp dragons (Depths:3)
  A flayed ghost (Abyss:3)
  5 glowing orange brains
  47 deep trolls
  A spatial maelstrom (Abyss:3)
  A goliath frog (Lair:5)
  A lindwurm (Lair:3)
  A swamp dragon (shapeshifter) (Vaults:5)
  10 arcanists
  18 deep elf archers
  29 deep elf zephyrmancers
  19 ironbound convokers
  4 phantasmal warriors
  A large abomination (Abyss:3)
  33 harpies
  9 necromancers
  13 orc knights
  31 deep elf pyromancers
  5 steelbarb worms
  A frost giant zombie (Vaults:3)
  3 starcursed masses (Abyss:3)
  A wolf spider (shapeshifter) (Vaults:5)
  53 ugly things
  5 shining eyes
  3 salamanders
  21 wolf spiders
  3 orc sorcerers
  17 manticores
  9 fauns
  A moth of wrath (shapeshifter) (Depths:1)
  3 moths of wrath
  A salamander (shapeshifter) (Elf:2)
  8 merfolk sirens
  8 cyclopes
  9 water nymphs
  An ice statue (IceCv)
  3 black mambas
  3 smoke demons
  A titan simulacrum (Vaults:1)
  A fire giant skeleton (Vaults:1)
  21 vault sentinels
  An elephant (D:8)
  2 molten gargoyles (Depths:3)
  A rust devil (D:9)
  2 eyes of devastation
  A black mamba (shapeshifter) (D:10)
  A human zombie (Vaults:1)
  27 cane toads
  2 gargoyles
  6 torpor snails
  2 yaktaur zombies (Vaults:3)
  3 komodo dragons
  An unseen horror (shapeshifter) (Vaults:5)
  A kobold demonologist (D:11)
  62 yaktaurs
  2 yaktaurs (shapeshifter)
  3 freezing wraiths
  9 tengu conjurers
  Maggie (Lair:2)
  A rime drake (shapeshifter) (D:10)
  3 rime drakes
  3 red devils
  A silent spectre (Abyss:3)
  A yaktaur skeleton (Vaults:3)
  9 meliai
  29 tarantellas
  24 merfolk
  A tarantella (shapeshifter) (D:14)
  8 trolls
  13 polar bears
  2 hornets (Depths:1)
  A tyrant leech (Lair:5)
  13 wind drakes
  2 glass eyes
  Prince Ribbit (D:7)
  20 blink frogs
  8 raiju
  7 dream sheep
  12 snapping turtles
  105 slime creatures
  A snapping turtle (shapeshifter) (Depths:2)
  3 spriggans
  10 air elementals
  2 ettin skeletons (Abyss:3)
  21 culicivoras
  2 wraiths
  58 yaks
  29 jumping spiders
  2 vampires
  A culicivora (shapeshifter) (D:15)
  10 fire bats
  A shadow (D:9)
  29 water elementals
  3 wyverns
  A fire bat (shapeshifter) (Spider:3)
  A chaos spawn (D:9)
  A steam dragon (Lair:1)
  10 golden eyes
  4 basilisks
  A yaktaur simulacrum (Vaults:1)
  4 fire elementals
  51 redbacks
  3 neqoxecs
  16 vampire mosquitoes
  7 wargs
  2 acid dragons
  A hell hound (Volcano)
  14 water moccasins
  A glowing shapeshifter zombie (Vaults:1)
  An ogre skeleton (Vaults:1)
  47 orc warriors
  2 ice beasts
  3 black bears (D:8)
  16 ogres
  2 sky beasts
  A boggart (shapeshifter) (D:10)
  23 wolves
  A phantom (D:6)
  21 centaurs
  A human skeleton (Vaults:3)
  A kobold brigand (D:11)
  3 earth elementals
  22 bullfrogs
  5 scorpions
  2 gnoll sergeants
  A human simulacrum (Vaults:1)
  A small abomination (Abyss:3)
  7 wights (D:8)
  11 killer bees
  2 electric eels (Lair:5)
  4 howler monkeys
  8 lava snakes (Volcano)
  3 quasits
  5 hounds
  5 jellies
  12 orc priests
  An iron imp (D:7)
  3 sleepcaps
  An iguana (D:5)
  23 orc wizards
  9 gnolls
  4 adders
  2 shadow imps (D:6)
  2 white imps
  2 ufetubi (D:7)
  4 worms
  3 dart slugs
  69 orcs
  7 endoplasms
  A giant cockroach (D:2)
  7 goblins
  4 hobgoblins
  4 jackals (D:5)
  2 quokkas
  10 ball pythons
  7 bats
  5 frilled lizards
  11 kobolds
  5 rats
2246 creatures vanquished.

Vanquished Creatures (collateral kills)
  A culicivora (Spider:4)
  A boulder (Vaults:1)
2 creatures vanquished.

Vanquished Creatures (others)
  A storm dragon (Vaults:5)
  A fire giant (Vaults:5)
  An occultist (Depths:3)
  A deep elf knight (Elf:2)
  A shadow wraith (Vaults:1)
  A moth of wrath (Zot:1)
  A water elemental (Elf:2)
  An orc warrior (Orc:1)
  2 orcs (Orc:1)
  A starspawn tentacle (Abyss:3)
11 creatures vanquished.

Grand Total: 2259 creatures vanquished

Notes
Turn   | Place    | Note
-------+----------+-------------------------------------------
     0 | D:1      | Turgor the Draconian Shapeshifter began the quest for the
                  | Orb.
     0 | D:1      | Reached XP level 1. HP: 16/16 MP: 1/1
   123 | D:1      | Reached XP level 2. HP: 22/23 MP: 2/2
   424 | D:1      | Reached XP level 3. HP: 24/29 MP: 3/3
   786 | D:2      | Found a faded altar of an unknown god.
  1268 | D:3      | Reached XP level 4. HP: 36/36 MP: 4/4
  1904 | D:4      | Reached XP level 5. HP: 30/42 MP: 5/5
  1975 | D:4      | Found a staircase to the Ecumenical Temple.
  2104 | D:4      | Reached XP level 6. HP: 28/51 MP: 6/6
  2198 | D:4      | Found a runed translucent door.
  2199 | D:4      | Noticed Crazy Yiuf
  2612 | Temple   | Entered the Ecumenical Temple
  2634 | Temple   | Became a worshipper of the Wu Jian Council
  2665 | D:5      | Entered Level 5 of the Dungeon
  2889 | D:5      | Reached skill level 5 in Shapeshifting
  3386 | D:5      | Your scales start taking on a dull iron-grey colour.
  3386 | D:5      | Reached XP level 7. HP: 52/58 MP: 7/7
  3392 | D:5      | Learned a level 5 spell: Lee's Rapid Deconstruction
  4421 | D:6      | Reached skill level 5 in Unarmed Combat
  4491 | D:6      | Noticed a troll
  4498 | D:6      | Killed a troll
  4499 | D:6      | Reached XP level 8. HP: 67/67 MP: 8/8
  4577 | D:6      | Reached * piety under Wu Jian
  4747 | D:6      | Found a burning altar of Makhleb.
  4748 | D:6      | Found a blossoming altar of Fedhas.
  4751 | D:6      | Found a glowing silver altar of Zin.
  4752 | D:6      | Found an iron altar of Okawaru.
  4954 | D:6      | Reached skill level 5 in Fighting
  5017 | D:7      | Found a snail-covered altar of Cheibriados.
  5056 | D:7      | Noticed a two-headed ogre
  5364 | D:7      | Reached skill level 5 in Dodging
  5444 | D:7      | Reached XP level 9. HP: 15/75 MP: 9/9
  5776 | D:7      | Killed a two-headed ogre
  6502 | D:7      | Noticed Prince Ribbit
  6518 | D:7      | Killed Prince Ribbit
  6887 | D:8      | Identified the +4 falchion of Gallantry {holy, rElec rCorr
                  | Str+3}
  6906 | D:8      | Reached ** piety under Wu Jian
  7039 | D:8      | Found a staircase to the Lair.
  7039 | D:8      | Noticed an elephant
  7048 | D:8      | Killed an elephant
  7049 | D:8      | Reached XP level 10. HP: 76/86 MP: 10/10
  7249 | D:8      | Reached skill level 1 in Earth Magic
  7771 | D:9      | Noticed a smoke demon
  7924 | D:9      | Reached skill level 1 in Spellcasting
  7962 | D:9      | Noticed a rust devil
  7974 | D:9      | Killed a rust devil
  7998 | D:9      | Noticed a smoke demon
  8135 | D:9      | Killed a smoke demon
  8589 | D:9      | Identified the ring "Erphum Couqo" {Drain rF+ MP+9 Str+6
                  | Int+6}
  9422 | D:10     | Entered Level 10 of the Dungeon
  9462 | D:10     | Found a runed translucent gate.
  9462 | D:10     | Found a runed translucent gate.
  9462 | D:10     | Found a runed translucent gate.
  9463 | D:10     | Noticed a brown ugly thing
  9463 | D:10     | Noticed a purple ugly thing
  9463 | D:10     | Noticed a purple ugly thing
  9463 | D:10     | Noticed a white ugly thing
  9463 | D:10     | Noticed a brown ugly thing
  9464 | D:10     | Noticed a glowing orange brain
  9686 | D:10     | Reached skill level 10 in Shapeshifting
  9879 | D:10     | Noticed a two-headed ogre
  9885 | D:10     | Killed a two-headed ogre
  9886 | D:10     | Reached XP level 11. HP: 80/94 MP: 15/15
 10526 | D:11     | Reached *** piety under Wu Jian
 10673 | D:11     | Noticed a two-headed ogre
 10775 | D:11     | Noticed a centaur warrior
 10783 | D:11     | Killed a centaur warrior
 11101 | D:11     | Killed a two-headed ogre
 11796 | D:12     | Noticed Nergalle
 11987 | D:12     | Noticed a white ugly thing
 12005 | D:12     | Killed a white ugly thing
 12006 | D:12     | Reached skill level 5 in Earth Magic
 12503 | D:12     | Reached **** piety under Wu Jian
 12627 | D:12     | Found a staircase to the Orcish Mines.
 12907 | Lair:1   | Entered Level 1 of the Lair of Beasts
 13522 | Lair:1   | Reached XP level 12. HP: 96/104 MP: 18/18
 13660 | Lair:1   | Reached skill level 10 in Dodging
 13944 | Lair:2   | Noticed a seven-headed hydra
 13946 | Lair:2   | Noticed Maggie
 13947 | Lair:2   | Paralysed by Maggie for 2 turns
 13957 | Lair:2   | Killed Maggie
 13967 | Lair:2   | Killed a seven-headed hydra
 14269 | Lair:2   | Reached skill level 5 in Spellcasting
 14385 | Lair:2   | Identified the +3 buckler "Fijad" {*Slow rC+ Dex+6}
 14589 | Lair:2   | Reached skill level 1 in Shields
 14626 | Lair:2   | Identified the maw talisman "Voism" {Str-3 Int+6}
 14694 | Lair:2   | Noticed a catoblepas
 14726 | Lair:2   | Killed a catoblepas
 15206 | Lair:3   | Found a hole to the Spider Nest.
 15245 | Lair:3   | Found a staircase to the Shoals.
 15284 | Lair:3   | Reached skill level 10 in Fighting
 15743 | Lair:3   | Reached ***** piety under Wu Jian
 15944 | Lair:3   | Reached XP level 13. HP: 109/113 MP: 21/21
 16520 | Lair:4   | Found a staircase to the Slime Pits.
 16523 | Lair:4   | Found a viscous altar of Jiyva.
 17129 | Lair:5   | Entered Level 5 of the Lair of Beasts
 17172 | Lair:5   | Reached skill level 10 in Unarmed Combat
 17193 | Lair:5   | Reached skill level 5 in Shields
 18241 | D:10     | Reached ****** piety under Wu Jian
 18258 | D:10     | Reached XP level 14. HP: 102/124 MP: 23/23
 18265 | D:10     | Found a runed translucent gate.
 18265 | D:10     | Found a runed translucent gate.
 18270 | D:10     | Noticed Scuka's ghost (novice MiBe)
 18271 | D:10     | Found a runed translucent gate.
 18279 | D:10     | Identified the +0 plate armour of Crawling {SInv}
 18444 | D:10     | Gained mutation: You are dopey. (Int -2) [a neqoxec]
 18455 | D:10     | Killed Scuka's ghost
 18768 | D:10     | Lost mutation: You are dopey. (Int -2) [potion of mutation]
 18768 | D:10     | Gained mutation: You have a pair of small antennae on your
                  | head. [potion of mutation]
 18768 | D:10     | Gained mutation: Your body sometimes deteriorates upon
                  | taking damage. [potion of mutation]
 18769 | D:10     | Lost mutation: Your body sometimes deteriorates upon taking
                  | damage. [potion of mutation]
 18769 | D:10     | Lost mutation: You have a pair of small antennae on your
                  | head. [potion of mutation]
 18769 | D:10     | Gained mutation: You have a pair of small horns on your
                  | head. [potion of mutation]
 18769 | D:10     | Gained mutation: You have large cloven feet. [potion of
                  | mutation]
 18769 | D:10     | Gained mutation: You are somewhat resistant to further
                  | mutation. [potion of mutation]
 18926 | D:12     | Killed Nergalle
 18982 | D:12     | Reached skill level 10 in Earth Magic
 19734 | Orc:1    | Entered Level 1 of the Orcish Mines
 19734 | Orc:1    | Noticed Urug
 19742 | Orc:1    | Killed Urug
 19745 | Orc:1    | Identified 4 scrolls of acquirement
 19745 | Orc:1    | Acquired the ring "Jeha" {rPois Will+ rCorr Str+4}
 19769 | Orc:1    | Found a frozen archway.
 19781 | IceCv    | Entered an ice cave
 20236 | Orc:1    | Noticed Gastronok
 20288 | Orc:1    | Found a dark tunnel.
 20297 | Volcano  | Entered a volcano
 20837 | Volcano  | Found a burning altar of Makhleb.
 20879 | Volcano  | Found a radiant altar of Vehumet.
 20977 | Orc:1    | Killed Gastronok
 20978 | Orc:1    | Reached XP level 15. HP: 113/132 MP: 3/24
 21457 | Orc:2    | Entered Level 2 of the Orcish Mines
 21911 | Orc:2    | Found a staircase to the Elven Halls.
 22144 | Orc:2    | Found Zoluber's Antique Armour Shop.
 22144 | Orc:2    | Found Olulanuge's Antique Weapon Shoppe.
 22144 | Orc:2    | Found Onimutam's General Store.
 22147 | Orc:2    | Found Yqewkos's Weapon Boutique.
 22164 | Orc:2    | Bought a scroll of identify for 32 gold pieces
 22574 | D:8      | Acquired the amulet of Atejaunni {Reflect rElec MP+9 Int+5
                  | SH+5 Stlth-}
 22588 | D:8      | Acquired the +8 autumn katana {manifold assault}
 22588 | D:8      | Found the +8 autumn katana {manifold assault}
 22589 | D:8      | Acquired a staff of earth
 22862 | D:13     | Found a gate to the Vaults.
 23150 | D:14     | Found an ancient bone altar of Kikubaaqudgha.
 23218 | D:14     | You fall into a shaft and drop 1 floor!
 23218 | D:15     | Entered Level 15 of the Dungeon
 23338 | D:15     | Found an opulent altar of Gozag.
 23402 | D:15     | Reached skill level 15 in Shapeshifting
 25296 | D:15     | Found a staircase to the Depths.
 25668 | Spider:1 | Identified the "Qigi Neun"
 25668 | Spider:1 | Entered Level 1 of the Spider Nest
 25775 | Spider:1 | Reached XP level 16. HP: 144/144 MP: 25/25
 26196 | Spider:1 | Noticed Rupert
 26204 | Spider:1 | Killed Rupert
 26715 | Spider:2 | Noticed Arachne
 26740 | Spider:2 | Killed Arachne
 27057 | Spider:2 | Learned a level 6 spell: Bombard
 27062 | Spider:2 | Learned a level 4 spell: Leda's Liquefaction
 27142 | Spider:2 | Reached skill level 1 in Conjurations
 28881 | Spider:3 | Identified the ring "Qymofr Ytrie" {rF+ rC+ rN+ Int+4}
 28944 | Spider:4 | Entered Level 4 of the Spider Nest
 29086 | Spider:4 | Noticed Nikola
 29093 | Spider:4 | Killed Nikola
 29094 | Spider:4 | Reached XP level 17. HP: 128/152 MP: 17/28
 29348 | Spider:4 | Noticed Roxanne
 29353 | Spider:4 | Killed Roxanne
 29896 | Spider:4 | Reached skill level 5 in Conjurations
 30676 | Spider:4 | Identified the +2 hat of the Leaf {rN+ MP+9}
 30713 | Spider:4 | Got a gossamer rune of Zot
 30855 | Shoals:1 | Entered Level 1 of the Shoals
 31668 | Shoals:1 | Noticed Louise
 31688 | Abyss:3  | Cast into level 3 of the Abyss (Louise)
 31731 | Abyss:3  | Found a corrupted altar of Lugonu.
 31731 | Abyss:3  | Found a corrupted altar of Lugonu.
 31914 | Abyss:3  | Noticed a hellephant
 31931 | Abyss:3  | Got an abyssal rune of Zot
 31947 | Abyss:3  | Reached skill level 1 in Evocations
 32016 | Shoals:1 | Escaped the Abyss
 32230 | Shoals:1 | Reached XP level 18. HP: 161/161 MP: 30/30
 33033 | Shoals:1 | Killed Louise
 34029 | Shoals:4 | Identified the "Lemou"
 34029 | Shoals:4 | Entered Level 4 of the Shoals
 34029 | Shoals:4 | Found a stormy altar of Qazlal.
 34035 | Shoals:4 | Reached skill level 15 in Fighting
 34430 | Shoals:4 | Paralysed by an air elemental for 1 turns
 34674 | Shoals:4 | Paralysed by an air elemental for 1 turns
 34679 | Shoals:4 | Paralysed by an air elemental for 1 turns
 34857 | Shoals:4 | Found an ornate altar of the Wu Jian Council.
 35082 | Shoals:4 | Found a stormy altar of Qazlal.
 35450 | Shoals:4 | Got a barnacled rune of Zot
 35643 | Lair:3   | Learned a level 1 spell: Apportation
 35648 | Lair:3   | Learned a level 4 spell: Passage of Golubria
 35845 | Vaults:1 | Entered Level 1 of the Vaults
 36831 | Vaults:1 | Reached XP level 19. HP: 170/170 MP: 32/32
 37132 | Vaults:1 | Reached skill level 15 in Dodging
 37348 | Vaults:1 | Reached skill level 5 in Evocations
 37963 | Vaults:1 | Reached skill level 15 in Earth Magic
 38273 | Vaults:1 | Learned a level 4 spell: Brom's Barrelling Boulder
 38276 | Vaults:1 | Learned a level 2 spell: Passwall
 38721 | Vaults:1 | Found Fozo's Weapon Emporium.
 39233 | Vaults:2 | Identified the +7 falchion of Qanucoih {flame, rPois}
 39861 | Vaults:2 | Found Saeshra's Distillery.
 41209 | Vaults:3 | Reached XP level 20. HP: 181/181 MP: 33/33
 41254 | Vaults:3 | Reached skill level 15 in Unarmed Combat
 41604 | Vaults:3 | Found a staircase to the Crypt.
 41611 | Vaults:3 | Identified the +2 shortbow of Ilemig {elec, Int+4}
 42563 | Vaults:3 | Found Rargh's Jewellery Shoppe.
 42569 | Vaults:3 | Bought a dragon-blood talisman for 1020 gold pieces
 42908 | Vaults:4 | Noticed Frederick
 42915 | Vaults:4 | Killed Frederick
 44576 | Vaults:4 | Noticed Zenata
 44585 | Vaults:4 | Killed Zenata
 44586 | Vaults:4 | Reached XP level 21. HP: 191/191 MP: 34/34
 45277 | Vaults:5 | Identified the of Hihejem
 45277 | Crypt:3  | Identified the of Pinnex Seat
 45277 | Depths:1 | Entered Level 1 of the Depths
 45524 | Depths:2 | Identified the of Viadgh
 45524 | Elf:1    | Entered Level 1 of the Elven Halls
 45715 | Elf:1    | Found Downiune's Book Shoppe.
 45882 | Elf:1    | Paralysed by an air elemental for 1 turns
 46353 | Elf:1    | Identified the +8 short sword of the Chickpea {freeze,
                  | +Blink rF++ rC+ Stlth+}
 46794 | Elf:1    | Identified the +2 scale mail of Hadjma {rF+}
 46847 | Elf:1    | Found a runed translucent gate.
 46847 | Elf:1    | Found a runed translucent gate.
 46847 | Elf:1    | Found a runed translucent gate.
 46847 | Elf:1    | Found a runed translucent gate.
 46847 | Elf:1    | Found a runed translucent gate.
 46849 | Elf:1    | Found a runed translucent gate.
 47235 | Elf:2    | Identified the +1 robe of the Sun {Str+4}
 47768 | Elf:2    | Paralysed by an air elemental for 1 turns
 48004 | Elf:2    | Found a huge runed translucent gate.
 48004 | Elf:2    | Found a huge runed translucent gate.
 48004 | Elf:2    | Found a huge runed translucent gate.
 48004 | Elf:2    | Found a huge runed translucent gate.
 48004 | Elf:2    | Found a huge runed translucent gate.
 48394 | Elf:2    | Identified the serpent talisman of the True Pharaoh {Will++
                  | Str+5}
 48394 | Elf:2    | Noticed Aizul
 48399 | Elf:2    | Killed Aizul
 48615 | Elf:3    | Identified the "Dyferid"
 48615 | Elf:3    | Entered Level 3 of the Elven Halls
 48714 | Elf:3    | Reached skill level 10 in Conjurations
 48936 | Elf:3    | Found Ascho's Antique Armour Boutique.
 48969 | Elf:3    | Found Lusesal's Assorted Antiques.
 49032 | Elf:3    | Found Qiazif's Distillery.
 49048 | Elf:3    | Bought a potion of cancellation for 136 gold pieces
 49048 | Elf:3    | Bought a potion of curing for 51 gold pieces
 49310 | Elf:3    | Paralysed by an air elemental for 1 turns
 49337 | Elf:3    | Reached XP level 22. HP: 201/201 MP: 35/35
 49768 | Elf:3    | Identified the +7 sling of Wealth {heavy, rC++}
 49769 | Elf:3    | Identified the amulet of Laegholo {RegenMP rCorr Str+3
                  | Int-4}
 49775 | Elf:3    | Identified the +10 great mace of the Hungering Gods {venom,
                  | rF+ Str+3 Int+3 Dex-4}
 49797 | Elf:3    | Identified the +8 flail of Resumed Hostilities {flame, rC+
                  | Str+2 Int-3 SInv}
 49801 | Elf:3    | Identified the +7 great mace of Crawling {drain, Dex+2}
 49805 | Elf:3    | Identified the amulet of Goyvir {RegenMP rPois rCorr}
 49808 | Elf:3    | Acquired the ring "Fovvoget" {*Slow rC++ Str+3 Dex+6
                  | Stlth+}
 49817 | Elf:3    | Identified the +6 rapier of Defence by Offence {freeze,
                  | rPois rN+}
 49824 | Elf:3    | Identified the staff of Reapportionment {Int+6 Conj}
 50023 | Elf:3    | Learned a level 8 spell: Lehudib's Crystal Spear
 50487 | Depths:1 | Found Ecsa Ira's Tiny Tomes.
 50772 | Depths:1 | Found a gateway to Hell.
 50823 | Depths:1 | Reached skill level 10 in Spellcasting
 50839 | Depths:1 | Learned a level 5 spell: Borgnjor's Vile Clutch
 50909 | Depths:1 | Found a one-way gate to the infinite horrors of the Abyss.
 51202 | Depths:1 | Found Walaus's Assorted Antiques.
 51205 | Depths:1 | Bought a scroll of blinking for 330 gold pieces
 51650 | Depths:2 | Noticed Saint Roka
 51655 | Depths:2 | Killed Saint Roka
 51691 | Depths:2 | Noticed a golden dragon
 51743 | Depths:2 | Noticed a golden dragon
 51796 | Depths:2 | Paralysed by a sphinx for 4 turns
 52114 | Depths:2 | Noticed a golden dragon
 52124 | Depths:2 | Killed a golden dragon
 52169 | Depths:2 | Killed a golden dragon
 52545 | Depths:2 | Identified the staff "Govoch" {rPois rF+ rN++ Will+ Fire}
 52655 | Depths:2 | You fall into a shaft and drop 1 floor!
 52780 | Depths:3 | Identified the +7 quarterstaff of Valiance {heavy, rC++
                  | Dex-3}
 52784 | Depths:3 | Identified the ring "Ovawionn" {Fire *Slow Will+ Str+3
                  | Slay+2}
 53108 | Depths:3 | Reached XP level 23. HP: 166/209 MP: 38/38
 53562 | Depths:3 | Found a one-way gate leading to the halls of Pandemonium.
 53625 | Depths:3 | Noticed a caustic shrike
 53631 | Depths:3 | Killed a caustic shrike
 53636 | Depths:3 | Noticed a caustic shrike
 53638 | Depths:3 | Noticed a caustic shrike
 53641 | Depths:3 | Killed a caustic shrike
 53642 | Depths:3 | Killed a caustic shrike
 53890 | Depths:3 | Identified the +6 flail "Uzasky Capn" {pain, Int+3}
 54054 | Depths:3 | Noticed a caustic shrike
 54064 | Depths:3 | Killed a caustic shrike
 54389 | Depths:3 | Identified the staff "Goblinslayer" {rN+ Will++ Int-2 Necro
                  | Air}
 54401 | Depths:3 | Noticed a caustic shrike
 54404 | Depths:3 | Killed a caustic shrike
 54543 | Depths:3 | Noticed a caustic shrike
 54549 | Depths:3 | Killed a caustic shrike
 55386 | Depths:2 | Identified the +3 orcbow of Evyo {freeze, rC+ Will+ Dex+3}
 55402 | Depths:2 | Noticed a caustic shrike
 55405 | Depths:2 | Identified the +12 falchion of Wu Jian's Scorn {heavy, rF+}
 55405 | Depths:2 | Identified the ring of the Insatiable Lovers {rC+ rN++
                  | Str-2}
 55412 | Depths:2 | Killed a caustic shrike
 55523 | Depths:2 | Found the +2 hood of the Assassin {Detect Stab+ Stlth++}
 55630 | Depths:2 | Found the +3 giant club "Skullcrusher" {speed, Str+7}
 55996 | Depths:4 | Entered Level 4 of the Depths
 56247 | Depths:4 | Found a gate to the Realm of Zot.
 56517 | Depths:4 | Learned a level 9 spell: Shatter
 56567 | Depths:4 | Reached XP level 24. HP: 217/217 MP: 40/40
 56679 | Depths:4 | Found a one-way gateway to a ziggurat.
 57216 | Vaults:5 | Entered Level 5 of the Vaults
 57247 | Vaults:5 | Noticed an ancient lich
 57461 | Vaults:5 | Reached skill level 15 in Conjurations
 58124 | Vaults:5 | Got a silver rune of Zot
 58434 | Vaults:5 | Identified the ring "Xoofinlu" {AC+4 Str+3 Int+3}
 58460 | Vaults:5 | Killed an ancient lich
 59173 | Vaults:5 | Acquired 544 gold pieces
 60317 | Zot:3    | Identified the "Veasm"
 60317 | Slime:1  | Entered Level 1 of the Pits of Slime
 61239 | Slime:3  | Reached XP level 25. HP: 224/224 MP: 40/40
 62554 | Slime:5  | Entered Level 5 of the Pits of Slime
 62720 | Slime:5  | Noticed the Royal Jelly
 62926 | Slime:5  | Killed the Royal Jelly
 63222 | Slime:5  | Found the +8 Wrath of Trog {antimagic, *Rage Rampage}
 63227 | Slime:5  | Identified the +4 flail of Meukimat {heavy, Will+ rCorr
                  | MP+9 Dex+3}
 63294 | Slime:5  | Identified the amulet of Equilibrium {Acrobat Dex+2}
 63299 | Slime:5  | Got a slimy rune of Zot
 63300 | Slime:5  | Identified the +5 rapier of Impatience {freeze, rF+ rC+}
 63316 | Slime:5  | Identified the +7 halberd of the Stoat {heavy, Will+}
 63378 | Slime:5  | Identified the staff "Qiucacak" {rPois Will+ Str+7 Dex-3
                  | Poison}
 63415 | Slime:5  | Identified the +0 ring mail of Peek-a-Boo {rElec rF+ rN+
                  | Dex-3}
 63439 | Slime:5  | Identified the dragon-blood talisman of the Fife {rF+ Will+
                  | rCorr Str-3}
 64226 | Zot:1    | Entered Level 1 of the Realm of Zot
 64251 | Zot:1    | HP: 13/291 [death cob (14)]
 64251 | Zot:1    | HP: 1/291 [tentacled monstrosity (12)]
 64251 | Zot:1    | Slain by a tentacled monstrosity

Illustrated notes

Levels and vault maps discovered:
D:1:      grunt_arrival_crossed_arrows, layout_rooms
D:2:      layout_rooms, hellmonk_ecumenical_altar_run_dry
D:3:      layout_rooms
D:4:      layout_rooms, minmay_temple_entry_proselytizer,
          corexii_hall_statues_l, uniq_crazy_yiuf_cottage
D:5:      layout_layer_cave, hangedman_decor_push
D:6:      layout_loops_ring, mainiacjoe_overflow_alcove_3
D:7:      layout_basic, slow_altar_1, minmay_manual_monolith,
          uniq_prince_ribbit1
D:8:      layout_basic, grunt_lair_entry_orc_guard_hut
D:9:      layout_stronghold, serial_demonic, serial_demonic_e, serial_demonic_f,
          serial_demonic_g, serial_demonic_g
D:10:     layout_long_grid, ploomutoo_gammafunk_ghost_potion_laboratory
D:11:     layout_rooms
D:12:     layout_stronghold, david_orc_4, uniq_nergalle
D:13:     layout_loops_ring, lightli_vaults_fourway_checkpoint
D:14:     layout_irregular_city, kiku_gazebo_pond_becter, minivault_22
D:15:     hangedman_depths_entry_try_elsewhere_first, layout_loops_ring,
          hangedman_decor_growths, grunt_gozag_breadcrumbs
Temple:   nicolae_temple_bog_church
Lair:1:   layout_small_grid
Lair:2:   layout_cave_pods, infiniplex_staircase_pool_2, uniq_maggie
Lair:3:   layout_roguey, minmay_shoals_entry_centaurs,
          nicolae_spider_entry_tight_spaces, grunt_forest_large_clearing_hut
Lair:4:   layout_small_grid, slime_entry_1, minmay_hedge_maze
Lair:5:   minmay_lair_end_frog_pond, layout_big_grid, serial_bayou_shore_a
Shoals:1: layout_shoals, uniq_louise
Shoals:2: layout_shoals
Shoals:3: layout_shoals, nicolae_splish_splash
Shoals:4: shoals_end_hellmonk_storm_palace [storm_palace_center_circular,
          storm_palace_corner_altar, storm_palace_corner_altar,
          storm_palace_corner_blocked, storm_palace_corner_altar]
Spider:1: layout_cave_pods, uniq_rupert
Spider:2: layout_spider_delve, uniq_arachne
Spider:3: layout_spider_delve, hellmonk_deceptive_appearances
Spider:4: guppyfry_spider_rune, uniq_nikola, uniq_roxanne
Slime:1:  layout_caves
Slime:2:  layout_caves, nicolae_slime_rock_hall_of_fame
Slime:3:  layout_caves, special_room [special_room_jelly]
Slime:4:  layout_caves
Slime:5:  slime_pit_nicolae_amoeboid
Orc:1:    layout_caves, portal_ice_cave_entry_pillars_1,
          nicolae_volcano_entry_batcave, uniq_gastronok, uniq_urug
Orc:2:    st_orc_rangers, layout_diamond_mine, nooodl_orcs_dogs
Elf:1:    elf_arrival_002, layout_geoelf_diagonals, serial_shops, shop,
          orc_legates
Elf:2:    elven_hall_of_blades_hangedman_alternative [nicolae_blade_lattice],
          layout_gridlike, uniq_aizul
Elf:3:    minmay_elf_hall_statues, layout_onion_city, serial_shops, shop, shop,
          shop
Vaults:1: nicolae_vaults_storage_closets_2, st_eye, hangedman_vaults_hat,
          nicolae_vaults_tetromino_T_1, nicolae_vaults_taking_the_gang_shopping,
          nicolae_vaults_cochlea, nicolae_vaults_rhombus_5,
          ontoclasm_vaults_spin, ontoclasm_vaults_pinch, vaults_room_door_ring,
          nicolae_vaults_tetromino_L_2, nicolae_vaults_diamond_1,
          layout_vaults_omnigrid
Vaults:2: nicolae_vaults_closet_pinwheel_4, nicolae_vaults_little_squares_2,
          nicolae_vaults_specimen_jars, v_rooms_6,
          nicolae_vaults_ring_of_whatevers, hangedman_vaults_cutoff, v_misc_19,
          nicolae_vaults_security_offices_3, nicolae_vaults_little_squares_6,
          nicolae_vaults_trapezoid_1, nicolae_vaults_prndl,
          nicolae_vaults_closet_pinwheel_3, nicolae_vaults_closet_pinwheel_1,
          layout_vaults_big_room, serial_shops, nicolae_diamond_shop
Vaults:3: vaults_room_door_ring, nicolae_vaults_meeting,
          nicolae_vaults_bisected_slash, v_pattern_5, v_misc_32,
          hangedman_vaults_slither, nicolae_vaults_trapezoid_lopsided_1,
          minmay_crypt_entry_simple_corners, v_misc_28,
          nicolae_vaults_closet_pinwheel_1, nicolae_vaults_tetromino_T_2,
          nicolae_vaults_windows_and_doors_thing, nicolae_vaults_lightning_bolt,
          nicolae_vaults_hexular_roomagon, nicolae_vaults_asterisk,
          layout_vaults_omnibox, serial_shops, nicolae_shop_hallway_plus
Vaults:4: v_pattern_2, nicolae_vaults_crenellated_ambush,
          nicolae_vaults_three_branches, hangedman_vaults_capsules,
          vaults_room_grunt_arrival_ludios, grunt_vaults_swirl,
          nicolae_vaults_door_testing_chamber, nicolae_vaults_little_squares_3,
          nicolae_vaults_little_squares_4, nicolae_vaults_double_plus_2,
          layout_vaults_maze_bifur, uniq_zenata, uniq_frederick
Vaults:5
Depths:1: layout_gridville, pf_coc_iceberg, nicolae_two_hexagons, serial_shops,
          kennysheep_mini_moat, hangedman_abyss_entry_splay, dk_noncrumbling_3,
          nicolae_shop_i_like_small_books_too, bh_walls_and_bars
Depths:2: box_level_dp, hell_entry, pan_entry, abyss_entry, uniq_saint_roka
Depths:3: hellmonk_hyper_hexagons [hex_subvault_narrow, hex_subvault_dug_out,
          hex_subvault_bowtie, hex_subvault_double_channel,
          hex_subvault_village, hex_subvault_big_grid, hex_subvault_two_sheets],
          pan_entry, abyss_entry, hell_entry
Depths:4: grunt_zot_entry_hairpin, layout_honeycomb, enter_ziggurat_b,
          lightli_too_deep, abyss_entry_glasseish, minmay_misc_feat_x,
          nicolae_figureground_sparkle
Zot:1:    lemuel_halls_of_wrath, layout_gridlike,
          regret_index_zotdec_twisting_globes

Skill      XL: |  1  2  3  4  5  6  7  8  9 10 11 12 13 14 15 16 17 18 19 20 21 22 23 24 25 |
---------------+----------------------------------------------------------------------------+-----
Dodging        | 2 3 4 5 7 8 9 10 11 12 14 15 16 17 | 17.0
Fighting       | 2 3 4 5 7 8 9 10 11 12 13 14 15 16 17 18 | 18.2
Shapeshifting  | 4 5 6 7 9 10 11 12 13 14 15 16 17 18 19 20 22 23 | 23.0
Unarmed Combat | 4 5 6 7 8 9 10 11 12 13 14 16 17 | 17.2
Earth Magic    | 3 5 7 9 12 13 14 15 16 17 18 20 22 23 | 23.9
Spellcasting   | 2 4 5 6 7 8 9 11 13 | 13.2
Shields        | 3 5 |  5.0
Conjurations   | 4 7 9 10 12 14 15 | 15.0
Evocations     | 1 4 6 8 9 |  9.0

Action                     |  1- 3 |  4- 6 |  7- 9 | 10-12 | 13-15 | 16-18 | 19-21 | 22-24 | 25-27 || total
---------------------------+-------+-------+-------+-------+-------+-------+-------+-------+-------++-------
  Melee: Unarmed           |   128 |   152 |   259 |   751 |  1259 |  1423 |  1321 |  1307 |   256 ||  6856
         Tailslap          |    18 |    21 |    49 |   136 |   267 |   316 |   261 |   289 |    93 ||  1450
         Punch             |     4 |     4 |    12 |    21 |       |       |    38 |       |       ||    79
         Maw               |       |       |       |   167 |   503 |   568 |   319 |       |       ||  1557
         Falchion          |       |       |       |     7 |       |       |       |       |       ||     7
         Headbutt          |       |       |       |       |   243 |   423 |   301 |   400 |   129 ||  1496
         Bite              |       |       |       |       |       |       |    52 |       |       ||    52
         Kick              |       |       |       |       |       |       |    38 |   627 |   203 ||   868
         Staff             |       |       |       |       |       |       |       |    79 |   115 ||   194
  Throw: Dart              |       |       |       |       |     4 |     2 |       |     7 |       ||    13
   Cast: Lee's Rapid Decon |       |       |       |       |    54 |   130 |    53 |    48 |    11 ||   296
         Leda's Liquefacti |       |       |       |       |       |     1 |       |       |       ||     1
         Bombard           |       |       |       |       |       |     7 |       |    14 |       ||    21
         Brom's Barrelling |       |       |       |       |       |       |     1 |       |       ||     1
         Borgnjor's Vile C |       |       |       |       |       |       |       |     3 |       ||     3
         Lehudib's Crystal |       |       |       |       |       |       |       |     4 |     1 ||     5
         Shatter           |       |       |       |       |       |       |       |       |     3 ||     3
         Passage of Golubr |       |       |       |       |       |       |       |       |     3 ||     3
 Invoke: Serpent's Lash    |       |       |       |       |     1 |     7 |     6 |    12 |     3 ||    29
         Heavenly Storm    |       |       |       |       |       |     1 |     3 |     5 |       ||     9
Ability: Lunge             |       |     5 |    18 |    54 |    79 |   117 |   111 |   102 |    17 ||   503
         Whirlwind         |       |       |     4 |    53 |   160 |   131 |   161 |   171 |    55 ||   735
         Wall Jump         |       |       |       |     3 |     2 |       |     1 |       |       ||     6
  Evoke: Wand              |       |       |       |    15 |     9 |     4 |       |     4 |     7 ||    39
         Phantom mirror    |       |       |       |       |       |     3 |     3 |     1 |     1 ||     8
         Lightning rod     |       |       |       |       |       |       |     3 |     2 |     4 ||     9
         Tin of tremorston |       |       |       |       |       |       |     3 |     2 |     2 ||     7
    Use: Scroll            |       |    10 |     1 |     9 |    21 |    10 |     5 |    17 |     2 ||    75
         Potion            |       |       |     4 |     3 |     8 |    17 |     6 |    19 |     4 ||    61
   Stab: Sleeping          |     1 |     2 |     1 |     1 |     3 |       |       |       |       ||     8
         Distracted        |       |       |       |     1 |     4 |       |       |     1 |       ||     6
         Invisible         |       |       |       |       |       |     2 |       |     2 |       ||     4
 Armour: Skin              |    57 |    72 |   143 |   335 |   387 |   735 |   580 |   861 |   510 ||  3680
  Dodge: Dodged            |    70 |   115 |   170 |   488 |   762 |   976 |   562 |  1242 |   681 ||  5066
  Block: Buckler           |       |       |       |    52 |   504 |   904 |   418 |   900 |   398 ||  3176
         Reflection        |       |       |       |       |     2 |    32 |    61 |    72 |     2 ||   169
         Other             |       |       |       |       |       |       |    61 |       |       ||    61
   Form: Flux              |       |       |     1 |       |       |       |       |       |       ||     1
         Maw               |       |       |       |     2 |       |       |     1 |       |       ||     3
         Blade             |       |       |       |       |       |       |     1 |       |       ||     1
         Dragon            |       |       |       |       |       |       |     1 |       |       ||     1
         Statue            |       |       |       |       |       |       |     1 |     1 |       ||     2
                           |       |       |       |       |       |       |       |     1 |       ||     1

Table legend: (Time is in decaauts)
 A = Elapsed time spent in this place.
 B = Non-inter-level travel time spent in this place.
 C = Inter-level travel time spent in this place.
 D = Time resting spent in this place.
 E = Time spent auto-exploring this place.
 F = Levels seen in this place.
 G = Mean time per level.
                   A        B        C        D        E       F      G
               +--------+--------+--------+--------+--------+-----+--------+
         Total |  71221 |  64271 |   6950 |   9962 |  36725 |  52 | 1369.6 |
       Dungeon |  19717 |  16026 |   3691 |   2195 |  10372 |  15 | 1314.5 |
        Temple |     46 |      2 |     44 |      0 |      0 |   1 |   46.0 |
          Lair |   5514 |   4956 |    558 |    278 |   3237 |   5 | 1102.8 |
        Shoals |   4367 |   4158 |    209 |    560 |   2212 |   4 | 1091.8 |
   Spider Nest |   5060 |   4890 |    170 |   1130 |   2471 |   4 | 1265.0 |
    Slime Pits |   5088 |   4777 |    311 |    830 |   2602 |   5 | 1017.6 |
  Orcish Mines |   1742 |   1545 |    197 |     98 |    857 |   2 |  871.0 |
   Elven Halls |   5624 |   5300 |    324 |    591 |   3239 |   3 | 1874.7 |
        Vaults |  12870 |  12022 |    848 |   2439 |   6276 |   5 | 2574.0 |
        Depths |   9806 |   9213 |    593 |   1531 |   5322 |   4 | 2451.5 |
           Zot |     43 |     42 |      1 |      0 |      0 |   1 |   43.0 |
         Abyss |    308 |    308 |      0 |      5 |      0 |   1 |  308.0 |
      Ice Cave |    408 |    408 |      0 |      0 |      0 |   1 |  408.0 |
       Volcano |    623 |    623 |      0 |    303 |    135 |   1 |  623.0 |
               +--------+--------+--------+--------+--------+-----+--------+

Top non-repeatable levels by time:
Depths:3: 3896 daAuts
Vaults:1: 3432 daAuts
Depths:2: 3182 daAuts
Vaults:5: 3067 daAuts
   Elf:3: 2285 daAuts
Vaults:3: 2272 daAuts
Vaults:4: 2192 daAuts
     D:9: 2097 daAuts
    D:15: 2060 daAuts
    D:12: 1943 daAuts
Vaults:2: 1905 daAuts
    D:10: 1815 daAuts
   Elf:2: 1755 daAuts
     D:8: 1665 daAuts
     D:7: 1593 daAuts
